 Dungeon Crawl Stone Soup version 0.20.1-1-g8b1a95d (webtiles) character file.

1407 ANON1729 the Geomancer (level 8, -9/64 HPs)
             Began as a Deep Dwarf Earth Elementalist on Sept 6, 2017.
             Was an Initiate of Kikubaaqudgha.
             Mangled by an ogre
             ... wielding a +0 giant club
              (24 damage)
             ... on level 8 of the Dungeon.
             The game lasted 00:34:22 (6661 turns).

ANON1729 the Geomancer (DDEE)                       Turns: 6661, Time: 00:34:22

Health: -9/64      AC:  4    Str: 14    XL:     8   Next: 42%
Magic:  8/24       EV: 13    Int: 18    God:    Kikubaaqudgha [......]
Gold:   284        SH:  5    Dex: 13    Spells: 14/18 levels left

rFire    . . .     SeeInvis .   z - +4 dagger "Kolog" {drain, rElec Str+2}
rCold    . . .     Gourm    .   A - +0 buckler
rNeg     . . .     Faith    .   c - +0 robe
rPois    +         Spirit   .   (no helmet)
rElec    +         Reflect  .   (no cloak)
rCorr    .         Harm     .   a - +0 pair of gloves
MR       +....                  g - +0 pair of boots
Stlth    ++........             (no amulet)
Regen    0.0/turn               o - ring of magical power
MPRegen  0.2/turn               r - ring of poison resistance

@: very slightly contaminated, non-regenerating
A: damage resistance, heal wounds, sense surroundings 1, no regeneration
a: Heal Wounds, Renounce Religion


You were on level 8 of the Dungeon.
You worshipped Kikubaaqudgha.
Kikubaaqudgha was noncommittal.
You were not hungry.

You visited 2 branches of the dungeon, and saw 9 of its levels.

You collected 284 gold pieces.

Inventory:

Hand Weapons
 z - the +4 dagger "Kolog" (weapon) {drain, rElec Str+2}
   (You found it on level 5 of the Dungeon)

   A truly terrible weapon, it drains the life of those it strikes.
   It affects your strength (+2).
   It insulates you from electricity.
Missiles
 n - 87 stones (quivered)
 q - 74 sling bullets
Armour
 a - a +0 pair of gloves (worn)
 c - a +0 robe (worn)
 g - a +0 pair of boots (worn)
 A - a +0 buckler (worn)
Jewellery
 o - a ring of magical power (left hand)
 r - a ring of poison resistance (right hand)
 B - an uncursed ring of loudness
Wands
 x - a wand of flame (17/48)
Scrolls
 f - a scroll of identify
 h - 4 scrolls of enchant armour
 m - 2 scrolls of recharging
 u - 2 scrolls of enchant weapon
 y - 2 scrolls of blinking
 C - a scroll of amnesia {unknown}
Potions
 b - a potion of agility {unknown}
 i - a potion of flight {unknown}
 k - 3 potions of curing
 l - 2 potions of haste
 s - 2 potions of mutation
 t - a potion of magic {unknown}
 v - a potion of might {unknown}
 D - a potion of heal wounds {unknown}
Books
 e - a book of Geomancy

   Spells                             Type                      Level
   a - Sandblast                      Earth                        1
   b - Passwall                       Transmutation/Earth          2
   c - Stone Arrow                    Conjuration/Earth            3
   d - Petrify                        Transmutation/Earth          4
   e - Lee's Rapid Deconstruction     Earth                        5
Comestibles
 d - 6 bread rations
 j - 2 meat rations
 w - 6 fruits
 E - 2 chunks of flesh


   Skills:
 - Level 1.3 Fighting
 - Level 0.1 Short Blades
 - Level 3.0 Dodging
 - Level 2.6 Stealth
 + Level 3.6 Shields
 + Level 5.6 Spellcasting
 * Level 3.8 Necromancy
   Level 0.8 Transmutations
 - Level 8.1 Earth Magic
 - Level 1.6 Evocations


You had 14 spell levels left.
You knew the following spells:

 Your Spells              Type           Power        Failure   Level  Hunger
a - Sandblast             Erth           ####..       1%          1    None
b - Stone Arrow           Conj/Erth      ###...       7%          3    ##.....


Dungeon Overview and Level Annotations

Branches:
Dungeon (9/15)             Temple (1/1) D:5            Lair (0/6) D:9
    Orc: D:9-12

Altars:
Cheibriados
Dithmenos
Elyvilon
Fedhas
Kikubaaqudgha
Makhleb
Nemelex Xobeh
Okawaru
Qazlal
Sif Muna
Trog
Uskayaw
Vehumet
Xom
Yredelemnul
Zin
The Shining One

Annotations:
D:5 dtsj89's ghost, novice DsFi


Innate Abilities, Weirdness & Mutations

You are resistant to damage.
You can heal yourself by infusing magical energy.
You passively map a small area around you.
You do not regenerate.


Message History

You miscast Stone Arrow.
You are very lightly contaminated with residual magic.
Nothing appears to happen.
Casting: Stone Arrow
Confirm with . or Enter, or press ? or * to list all spells.
Aiming: Stone Arrow
Press: ? - help, Shift-Dir - straight line, f/p - ogre
Aim: an ogre, wielding a giant club (heavily wounded)
The stone arrow misses the ogre.
The ogre barely misses you.
Casting: Stone Arrow
Confirm with . or Enter, or press ? or * to list all spells.
Aiming: Sandblast
Press: ? - help, Shift-Dir - straight line, f/p - ogre
Aim: an ogre, wielding a giant club (heavily wounded)
The blast of sand hits the ogre.
The ogre is almost dead.
n - 87 stones The ogre hits you with a giant club!!
You die...
Kikubaaqudgha rasps: "You have failed me!
Welcome... death!"

* .......## * *
.)......# , , , ,
........#,,, ,, , ,
......# , , ,,, +
#...# * *, ** *
.###...##########
** ,
........>..#..>..#
,
...........#.....#
,..........O@.....#
,
#..###..[###'##.##
* #. * #######.####
* . , #...# #...# ,
,#...# , #...# , ,,
#...# , , * #..## *


You could see an ogre.

Vanquished Creatures
  Grinder (D:3)
  2 phantoms
  2 bullfrogs
  4 wights (D:6)
  3 bullfrog zombies (D:5)
  A crimson imp (D:6)
  2 orc priests
  2 orc wizards
  4 hounds
  A jelly (D:6)
  3 worker ants
  A killer bee zombie (D:5)
  Robin (D:2)
  7 adders
  A shadow imp (D:6)
  2 adder skeletons (D:5)
  3 worms
  3 dart slugs
  5 leopard geckos
  14 orcs
  9 bats
  6 giant cockroaches
  12 goblins
  13 hobgoblins
  9 jackals
  5 quokkas
  8 frilled lizards
  A jackal skeleton (D:6)
  11 kobolds
  A leopard gecko skeleton (D:4)
  A quokka skeleton (D:4)
  10 rats
148 creatures vanquished.

Notes
Turn   | Place    | Note
-------+----------+-------------------------------------------
     0 | D:1      | ANON1729 the Deep Dwarf Earth Elementalist began the quest for the Orb.
     0 | D:1      | Reached XP level 1. HP: 15/15 MP: 3/3
   256 | D:1      | Reached XP level 2. HP: 22/22 MP: 0/5
   941 | D:1      | Reached XP level 3. HP: 12/28 MP: 6/6
  1211 | D:2      | Learned a level 3 spell: Stone Arrow
  1461 | D:2      | Noticed Robin
  1602 | D:2      | Reached XP level 4. HP: 15/37 MP: 6/8
  2050 | D:2      | Reached skill level 5 in Earth Magic
  2060 | D:2      | Found a bloodstained altar of Trog.
  2093 | D:2      | Killed Robin
  2515 | D:3      | Found a stormy altar of Qazlal.
  2752 | D:3      | Noticed a phantom
  2768 | D:3      | Killed a phantom
  2768 | D:3      | Reached skill level 6 in Earth Magic
  2768 | D:3      | Reached XP level 5. HP: 6/43 MP: 9/10
  2797 | D:3      | Noticed Grinder
  2814 | D:3      | Killed Grinder
  2814 | D:3      | Reached skill level 7 in Earth Magic
  2814 | D:3      | Reached XP level 6. HP: 16/50 MP: 8/12
  3810 | D:4      | Found a shimmering altar of Xom.
  3817 | D:4      | Reached XP level 7. HP: 13/56 MP: 14/14
  4231 | D:4      | Found a radiant altar of Vehumet.
  4233 | D:4      | Found a white marble altar of Elyvilon.
  4335 | D:5      | Entered Level 5 of the Dungeon
  4361 | D:5      | Noticed dtsj89's ghost (novice DsFi)
  4434 | D:4      | HP: 2/56 [bullfrog (6)]
  4436 | D:4      | Reached skill level 8 in Earth Magic
  4488 | D:5      | Reached skill level 5 in Spellcasting
  4595 | D:5      | Reached skill level 1 in Fighting
  4980 | D:5      | Reached skill level 1 in Shields
  5165 | D:5      | Reached skill level 1 in Evocations
  5331 | D:5      | Got a warped dagger
  5332 | D:5      | Identified the +4 dagger "Kolog" {drain, rElec Str+2} (You found it on level 5 of the Dungeon)
  5553 | D:5      | Found a staircase to the Ecumenical Temple.
  5562 | Temple   | Entered the Ecumenical Temple
  5581 | Temple   | Became a worshipper of Kikubaaqudgha
  5715 | D:6      | HP: 2/57 [orc wizard/puff of frost (5)]
  5720 | D:6      | Reached XP level 8. HP: 7/64 MP: 3/14
  5722 | D:6      | HP: 3/64 [orc priest/flail (4)]
  5731 | D:6      | Reached skill level 1 in Necromancy
  5946 | D:5      | HP: 3/64 [bullfrog zombie (2)]
  5967 | D:5      | HP: 1/64 [dtsj89's ghost (6)]
  6545 | D:6      | You fall through a shaft for 3 floors!
  6568 | D:9      | Found a staircase to the Lair.
  6568 | D:9      | Noticed an elephant
  6572 | D:9      | Noticed a hippogriff
  6628 | D:9      | Noticed a two-headed ogre
  6661 | D:8      | Mangled by an ogre

Skill      XL: |  1  2  3  4  5  6  7  8 |
---------------+-------------------------+-----
Spellcasting   | 2 3 4 5 |  5.6
Earth Magic    | 6 7 8 |  8.1
Fighting       | 1 |  1.3
Shields        | 2 3 |  3.6
Evocations     | 1 |  1.6
Dodging        | 3 |  3.0
Necromancy     | 3 |  3.8
Short Blades   | |  0.1
Stealth        | |  2.6
Transmutations | |  0.8

Action                   |  1- 3 |  4- 6 |  7- 9 || total
-------------------------+-------+-------+-------++-------
Melee: Dagger            |    78 |    36 |    40 ||   154
 Cast: Sandblast         |    38 |    86 |    47 ||   171
       Stone Arrow       |       |       |    59 ||    59
 Abil: Heal Wounds       |       |     1 |     5 ||     6
  Use: Scroll            |       |       |    12 ||    12
       Potion            |       |       |     2 ||     2
 Stab: Sleeping          |     1 |       |       ||     1
  Eat: Chunk             |     3 |     6 |    11 ||    20
       Fruit             |       |       |     2 ||     2
Armor: Robe              |    19 |    18 |    10 ||    47
Dodge: Dodged            |    48 |    53 |    32 ||   133
Block: Buckler           |       |       |     7 ||     7
